 Dungeon Crawl Stone Soup version 0.27.1-4-g1640c2035a (webtiles) character file.

Game seed: 6533440076320219996

710 Turgor the Changer (level 7, -9/58 HPs)
             Began as a Red Draconian Transmuter on Nov 15, 2021.
             Was a Follower of Wu Jian.
             Mangled by a two-headed ogre (31 damage)
             ... on level 5 of the Dungeon.
             The game lasted 00:45:06 (4809 turns).

Turgor the Changer (Red Draconian Transmuter)       Turns: 4809, Time: 00:45:07

Health: -9/58      AC:  6    Str: 13    XL:     7   Next: 40%
Magic:  12/12      EV: 12    Int: 19    God:    Wu Jian [*.....]
Gold:   59         SH:  0    Dex: 11    Spells: 5/13 levels left

rFire    + . .     SeeInvis .     - Unarmed
rCold    . . .     Faith    .   (no shield)
rNeg     . . .     Spirit   .   (armour unavailable)
rPois    +         Reflect  .   (helmet currently unavailable)
rElec    .         Harm     .   (no cloak)
rCorr    .         Rampage  .   (no gloves)
Will     .....                  (boots currently unavailable)
Stlth    +.........             l - amulet of regeneration
HPRegen  1.19/turn              (no ring)
MPRegen  0.13/turn              s - ring "Diuf" {rPois Int+4}

@: appendages
A: horns 2, talons 2, breathe fire, AC +6, unfitting armour, fire resistance 1,
cold-blooded
a: Breathe Fire, End Transformation, Renounce Religion


You were on level 5 of the Dungeon.
You worshipped Wu Jian.
Wu Jian was aware of your devotion.
You had temporarily grown beastly horns and talons.
You visited 2 branches of the dungeon, and saw 7 of its levels.

You collected 251 gold pieces.
You spent 192 gold pieces at shops.

Inventory:

Hand Weapons
 d - a +0 hunting sling
 h - a +1 dagger of holy wrath
Missiles
 a - 88 stones
 g - 37 poisoned darts (quivered)
 j - 81 sling bullets
Armour
 q - a +0 pair of boots (melded)
Jewellery
 l - an amulet of regeneration (around neck)
 s - the ring "Diuf" (right hand) {rPois Int+4}
   (You found it on level 4 of the Dungeon)

   [ring of poison resistance]

   Int:       It affects your intelligence (+4).
   rPois:     It protects you from poison.
Wands
 c - a wand of flame (4)
Scrolls
 f - 4 scrolls of fear
 i - 2 scrolls of teleportation
 m - 3 scrolls of amnesia
 n - 2 scrolls of magic mapping {unknown}
 p - 2 scrolls of immolation {unknown}
 r - 4 scrolls of identify
 t - a scroll of fog
 u - 2 scrolls of noise {unknown}
Potions
 e - 2 potions of flight
 k - a potion of curing
 o - a potion of cancellation
 v - a potion of haste {unknown}


   Skills:
 + Level 3.8 Fighting
 + Level 3.3 Dodging
 + Level 4.3 Unarmed Combat
 + Level 3.6 Spellcasting
 * Level 5.1 Transmutations


You had 5 spell levels left.
You knew the following spells:

 Your Spells              Type           Power      Damage    Failure   Level
a - Beastly Appendage     Tmut           46%        N/A       1%          1
b - Wereblood             Tmut           23%        N/A       2%          2
c - Blade Hands           Tmut           11%        N/A       43%         5

Your spell library contained the following spells:

 Spells                   Type           Power      Damage    Failure   Level
 Animate Skeleton         Necr           6%         N/A       14%         1
 Pain                     Necr           12%        1d4       14%         1
 Spider Form              Tmut/Pois      6%         N/A       16%         3
 Sublimation of Blood     Necr           1%         N/A       22%         2
 Vampiric Draining        Necr           1%         2d6       41%         3
 Ice Form                 Ice/Tmut       13%        N/A       45%         4
 Iron Shot                Conj/Erth      1%         9d1       100%        6
 Summon Hydra             Summ           1%         N/A       100%        7
 Animate Armour           Summ/Erth      Unusable   N/A       N/A         4

Dungeon Overview and Level Annotations

Branches:
Dungeon (6/15)             Temple (1/1) D:4

Altars:
Ashenzari
Cheibriados
Dithmenos
Fedhas
Gozag
Hepliaklqana
Kikubaaqudgha
Makhleb
Nemelex Xobeh
Okawaru
Ru
Sif Muna
Trog
Uskayaw
Vehumet
Wu Jian
Xom
Yredelemnul
Zin
The Shining One

Shops:
D:2 ?

Annotations:
D:6 Blork the orc, Eustachio, Maggie


Innate Abilities, Weirdness & Mutations

You have temporarily grown beastly horns and talons.
You can breathe blasts of fire.
Your fiery red scales are hard. (AC +6)
You cannot fit into any form of body armour.
Your flesh is heat resistant. (rF+)
You are cold-blooded and may be slowed by cold attacks.


Message History

The two-headed ogre is poisoned.
You completely miss the two-headed ogre.
You headbutt the two-headed ogre.
The two-headed ogre is lightly wounded.
The two-headed ogre closely misses you. x2
You punch the two-headed ogre! You claw the two-headed ogre.
The two-headed ogre is moderately wounded.
The two-headed ogre misses you.
The two-headed ogre hits you but does no damage.
You hit the two-headed ogre but do no damage.
You headbutt the two-headed ogre, but do no damage.
The two-headed ogre is moderately wounded.
You barely miss the two-headed ogre.
You headbutt the two-headed ogre, but do no damage.
You tail-slap the two-headed ogre, but do no damage.
The two-headed ogre is moderately wounded.
The two-headed ogre looks more healthy.
The two-headed ogre hits you with a +0 giant club!
The two-headed ogre hits you with a +0 giant spiked club!!
You hit the two-headed ogre.
Your tail-slap misses the two-headed ogre.
The two-headed ogre is heavily wounded.
The two-headed ogre completely misses you.
The two-headed ogre hits you with a +0 giant spiked club.
Okay, then.
Casting: Beastly Appendage (safe; 1% risk of failure)
Confirm with . or Enter, or press ? or * to list all spells.
Okay, then.
You feel much better.
You hit the two-headed ogre.
Your headbutt misses the two-headed ogre.
The two-headed ogre is heavily wounded.
The two-headed ogre hits you with a +0 giant club!
The two-headed ogre hits you with a +0 giant spiked club!!
You barely miss the two-headed ogre. Your kick misses the two-headed ogre.
Your headbutt misses the two-headed ogre.
The two-headed ogre is heavily wounded.
The two-headed ogre hits you with a +0 giant club!!
Ouch! That really hurt!
You die...

.######'#...........)......#
........#..................#
.........#..................#
.........'..................'
.........#..................#
.........#...................
........#...................
........#.............#####.
######'###(O@.....<....#...'.
..........########.....#...#.
.....(....# #....<#...#.
..........# #.....#...#.
..........# #.....#...#.
..........# #.....#...#.
..........# #.....#...#.
..........# #.....#...#.
..........# #######...#.


You could see a two-headed ogre.

Vanquished Creatures
  A black bear (D:5)
  An ogre (D:5)
  A centaur (D:5)
  A scorpion (D:5)
  A water moccasin skeleton (D:4)
  A hound (D:3)
  Jessica (D:2)
  Ijyb (D:5)
  An iguana (D:5)
  An orc wizard (D:6)
  8 adders
  4 gnolls (D:4)
  An adder skeleton (D:4)
  A worm (D:2)
  3 dart slugs
  9 orcs
  10 ball pythons
  A bat (D:2)
  4 endoplasms
  6 giant cockroaches
  11 goblins
  7 hobgoblins
  7 jackals (D:1)
  2 quokkas
  6 frilled lizards
  7 kobolds
  4 rats
101 creatures vanquished.

Vanquished Creatures (others)
  5 plants (D:3)
5 creatures vanquished.

Grand Total: 106 creatures vanquished

Notes
Turn   | Place    | Note
-------+----------+-------------------------------------------
     0 | D:1      | Turgor the Draconian Transmuter began the quest for the
                  | Orb.
     0 | D:1      | Reached XP level 1. HP: 16/16 MP: 3/3
   281 | D:1      | Reached XP level 2. HP: 23/23 MP: 3/5
   285 | D:1      | Learned a level 2 spell: Wereblood
   656 | D:1      | Reached XP level 3. HP: 21/29 MP: 2/6
  1349 | D:2      | Found Nuraf's Magic Scroll Shop.
  1678 | D:2      | Reached skill level 3 in Transmutations
  1751 | D:2      | Bought a scroll of identify for 24 gold pieces
  1754 | D:2      | Bought a scroll of teleportation for 36 gold pieces
  1818 | D:2      | Reached XP level 4. HP: 29/36 MP: 5/7
  1836 | D:2      | Found a faded altar of an unknown god.
  2039 | D:2      | Noticed Jessica
  2050 | D:2      | Killed Jessica
  2455 | D:3      | You fall into a shaft and drop 3 floors!
  2467 | D:6      | Reached XP level 5. HP: 42/42 MP: 6/9
  2513 | D:6      | Noticed Maggie
  2526 | D:6      | Noticed Blork the orc
  2526 | D:6      | Noticed a black bear
  2527 | D:6      | Noticed Eustachio
  2530 | D:5      | Entered Level 5 of the Dungeon
  2530 | D:5      | Noticed Ijyb
  2556 | D:5      | Killed Ijyb
  2557 | D:5      | Reached skill level 4 in Transmutations
  2618 | D:5      | Noticed a centaur
  2627 | D:5      | Killed a centaur
  2628 | D:5      | Reached XP level 6. HP: 40/51 MP: 8/10
  3022 | D:4      | Found a staircase to the Ecumenical Temple.
  3031 | Temple   | Entered the Ecumenical Temple
  3038 | Temple   | Learned a level 5 spell: Blade Hands
  3107 | Temple   | Became a worshipper of the Wu Jian Council
  3194 | D:4      | Identified the ring "Diuf" {rPois Int+4}
  3212 | D:4      | Your scales start taking on a fiery red colour.
  3212 | D:4      | Reached XP level 7. HP: 57/57 MP: 12/12
  3212 | D:4      | Gained mutation: Your flesh is heat resistant. (rF+) [Red
                  | Draconian growth]
  3273 | D:3      | Found a bloodstained altar of Trog.
  3275 | D:3      | Found a snail-covered altar of Cheibriados.
  3277 | D:3      | Found a sparkling altar of Nemelex Xobeh.
  3285 | D:3      | Found a burning altar of Makhleb.
  3285 | D:3      | Found a shadowy altar of Dithmenos.
  3369 | D:3      | Reached skill level 5 in Transmutations
  3948 | D:2      | Bought a scroll of fog for 24 gold pieces
  3948 | D:2      | Bought a scroll of amnesia for 42 gold pieces
  3948 | D:2      | Bought a scroll of fear for 42 gold pieces
  3948 | D:2      | Bought a scroll of identify for 24 gold pieces
  4085 | D:4      | Reached * piety under Wu Jian
  4410 | D:5      | Noticed a two-headed ogre
  4809 | D:5      | Mangled by a two-headed ogre

Illustrated notes

Levels and vault maps discovered:
D:1:      amcnicky_arrival_feature_with_door, layout_basic
D:2:      layout_basic, ebering_ecumenical_altar_petrified, serial_shops, shop,
          minmay_tall_x, uniq_jessica
D:3:      layout_rooms, grunt_temple_overflow_open, serial_bayou_lagoon_a,
          minivault_27
D:4:      layout_loops_ring, temple_statues, minmay_misc_feat_diagonals,
          hex_medium
D:5:      layout_gridville, uniq_ijyb
D:6:      layout_cave_pools, minmay_crystal_room, uniq_maggie, uniq_eustachio,
          uniq_blork_the_orc
Temple:   nicolae_temple_elliptical

Skill      XL: |  1  2  3  4  5  6  7 |
---------------+----------------------+-----
Dodging        | 2 3 |  3.3
Fighting       | 2 3 |  3.8
Transmutations | 3 4 5 |  5.1
Spellcasting   | 3 |  3.6
Unarmed Combat | 4 |  4.3

Action                   |  1- 3 |  4- 6 |  7- 9 || total
-------------------------+-------+-------+-------++-------
Melee: Unarmed           |   115 |    95 |    90 ||   300
       Kick              |    19 |    14 |    16 ||    49
       Headbutt          |    12 |    10 |    12 ||    34
       Tailslap          |     6 |    11 |     9 ||    26
       Punch             |       |     1 |       ||     1
 Fire: Hunting sling     |    22 |     6 |     2 ||    30
Throw: Dart              |       |     7 |     5 ||    12
 Cast: Beastly Appendage |    27 |    15 |    17 ||    59
       Wereblood         |       |     3 |     4 ||     7
Invok: Lunge             |       |     2 |     9 ||    11
  Use: Scroll            |     3 |     3 |       ||     6
       Potion            |       |     3 |     1 ||     4
Armor: Skin              |    34 |    31 |    22 ||    87
Dodge: Dodged            |    55 |    46 |    44 ||   145
